[Event "*** Titled Tuesday Blitz"]
[Site "Chess.com"]
[Date "2020.04.21"]
[Round "7"]
[White "JulAnt"]
[Black "Kawhi_Leonard2"]
[Result "1/2-1/2"]
[WhiteElo "2484"]
[BlackElo "2312"]
[TimeControl "180+1"]
[EndTime "11:19:42 PDT"]
[Termination "Game drawn by repetition"]

1. e4 c5 2. Nf3 d6 3. d4 cxd4 4. Nxd4 Nf6 5. Nc3 g6 6. Bc4 Bg7 7. f3 Nc6 8. Be3 O-O 9. Qd2 Bd7 10. O-O-O Rc8 11. Bb3 Nxd4 12. Bxd4 b5 13. a3 a5 14. Nd5 Nxd5 15. Bxg7 Kxg7 16. exd5 Rc5 17. h4 b4 18.
axb4 axb4 19. Qxb4 Qc7 20. Kd2 e5 21. dxe6 Bxe6 22.
Rc1 Rb8 23. Qd4+ Kg8 24. Bxe6 fxe6 25. Ke3 Rxc2 26. Rxc2 Qxc2 27. Qxd6 Rxb2 28. Qxe6+ Kg7 29. Qe5+ Kg8 30. Qe6+ Kg7 31. Qe5+ Kg8 32. Qe6+ 1/2-1/2

[Event "*** Titled Tuesday Blitz"]
[Site "Chess.com"]
[Date "2020.04.21"]
[Round "7"]
[White "MarcoRiehle"]
[Black "Harsha_Bharathakoti"]
[Result "0-1"]
[WhiteElo "2603"]
[BlackElo "2788"]
[TimeControl "180+1"]
[EndTime "11:19:44 PDT"]
[Termination "Harsha_Bharathakoti won by resignation"]

1. e4 d6 2. d4 Nf6 3. f3 c5 4. Ne2 cxd4 5. Nxd4 Nc6 6. c4 g6 7. Be3 Bg7 8. Nc3 O-O 9. Qd2 Bd7 10. Rc1 Nxd4 11. Bxd4 Bc6 12. b4 a5 13. b5 Bd7 14.
Nd5 Nxd5 15. cxd5 Rc8 16. Bxg7 Kxg7 17. Qd4+ f6 18. Rxc8 Qxc8 19. Kd2 Qa8 20. a4 Rc8 21. Bd3 Rc5 22. Rc1 b6 23. Rxc5 dxc5 24. Qf2 Qb8 25.
f4 Qd6 26. g3 c4 27. Bxc4 Qb4+ 28. Kd3 Qa3+ 29. Kd4 Qc5+ 0-1

[Event "*** Titled Tuesday Blitz"]
[Site "Chess.com"]
[Date "2020.04.21"]
[Round "7"]
[White "Stormeman100100"]
[Black "SirMittensofMittensville"]
[Result "0-1"]
[WhiteElo "2448"]
[BlackElo "2672"]
[TimeControl "180+1"]
[EndTime "11:19:45 PDT"]
[Termination "SirMittensofMittensville won by resignation"]

1. e4 e5 2. Nf3 Nc6 3. Bb5 a6 4. Ba4 Nf6 5. d3 Bc5 6. O-O b5 7. Bb3 O-O 8. a4 Rb8 9. axb5 axb5 10. Nc3 h6 11. Nd5 d6 12. h3 Nxd5 13. Bxd5 Ne7 14. Bb3 Ng6 15. c3 Qf6 16. d4 Bb6 17. Be3 Nf4 18. dxe5 dxe5 19. Bxf4 Qxf4 20. Qd5 Be6 21. Qd1 Rfd8 22. Qc2 Bxh3 23. Ne1 Rd2 24. Qb1 Rxf2 25. Rxf2 Qxf2+ 26. Kh2 Bg4 0-1

[Event "*** Titled Tuesday Blitz"]
[Site "Chess.com"]
[Date "2020.04.21"]
[Round "7"]
[White "MFBerna"]
[Black "Problematique_99"]
[Result "1-0"]
[WhiteElo "2381"]
[BlackElo "2502"]
[TimeControl "180+1"]
[EndTime "11:19:45 PDT"]
[Termination "MFBerna won on time"]

1. e4 g6 2. d4 Bg7 3. Nf3 c6 4. Nc3 d5 5. h3 Nh6 6. Be2 O-O 7.
O-O f6 8. Re1 Nf7 9. Bf1 e6 10.
Bf4 Nd7 11. Qd2 Re8 12. Bh2 b6 13. a4 a5 14. exd5 exd5 15. Rxe8+ Qxe8 16. Re1 Qf8 17. Qe3 Nd6 18. Qe6+ Nf7 19. Qxc6 Ra7 20. Nxd5 1-0

[Event "*** Titled Tuesday Blitz"]
[Site "Chess.com"]
[Date "2020.04.21"]
[Round "7"]
[White "KrolPawel92OnTwitch"]
[Black "Karacsonyi_Gellert"]
[Result "1/2-1/2"]
[WhiteElo "2688"]
[BlackElo "2511"]
[TimeControl "180+1"]
[EndTime "11:19:51 PDT"]
[Termination "Game drawn by agreement"]

1. e4 c5 2. Nf3 Nc6 3. g3 g6 4. Bg2 Bg7 5. O-O d6 6. c3 e5 7. d3 Nge7 8. Nbd2 O-O 9. h3 h6 10. Nh2 f5 11. f4 Kh7 12. exf5 Bxf5 13. Qe2 Qd7 14. g4 Be6 15. Ne4 b6 16. fxe5 Nxe5 17. Nf6+ Bxf6 18. Bxa8 d5 19. d4 cxd4 20. Rxf6 Rxf6 21.
Qxe5 Rf8 22. Qxd4 Rxa8 23. Be3 Rf8 24. Rf1 Rxf1+ 25. Nxf1 Nc6 26. Qf4 g5 27. Qf6 Qf7 28.
Qxf7+ Bxf7 29. Ng3 Bg6 30. Kf2 Kg7 31. Bd4+ Nxd4 32. cxd4 Kf7 33. Ke3 Ke6 34. Ne2 Be4 35. Kf2 a6 36. Kg3 Bb1 37. Nc3 Bd3 38. h4 b5 39. Nd1 b4 40. Ne3 a5 41. hxg5 hxg5 42.
Kf2 Bb1 43. a3 bxa3 44. bxa3 Kd6 45. Ke2 Kc6 46. Kd2 Be4 47. a4 1/2-1/2

[Event "*** Titled Tuesday Blitz"]
[Site "Chess.com"]
[Date "2020.04.21"]
[Round "7"]
[White "ChessTraining77"]
[Black "AliKa2810"]
[Result "0-1"]
[WhiteElo "2673"]
[BlackElo "2605"]
[TimeControl "180+1"]
[EndTime "11:19:53 PDT"]
[Termination "AliKa2810 won by resignation"]

1. e4 e6 2. d4 d5 3. Nc3 Nf6 4. e5 Nfd7 5. f4 c5 6. Nf3 Be7 7. Be3 b6 8. Qd2 O-O 9. h4 Nc6 10. h5 h6 11. O-O-O c4 12. g4 b5 13. Ne2 b4 14.
Ng3 Qa5 15. Kb1 c3 16. Qg2 cxb2 17. g5 hxg5 18. Bd3 Nb6 19. Ne2 b3 20. cxb3 Nb4 21. Nc3 Nxd3 22. Rxd3 Ba6 23. Rhd1 Rfc8 24. Qxb2 Bxd3+ 25. Rxd3 Nc4 26. Qc1 Bb4 0-1

[Event "*** Titled Tuesday Blitz"]
[Site "Chess.com"]
[Date "2020.04.21"]
[Round "7"]
[White "TregubovP"]
[Black "ErikRonka"]
[Result "0-1"]
[WhiteElo "2550"]
[BlackElo "2426"]
[TimeControl "180+1"]
[EndTime "11:19:57 PDT"]
[Termination "ErikRonka won by resignation"]

1. e4 c6 2. d4 d5 3. exd5 cxd5 4. Nf3 Nf6 5. Ne5 g6 6. Bb5+ Bd7 7. Bxd7+ Nbxd7 8. O-O Bg7 9. Re1 O-O 10. c3 Ne4 11. Nxd7 Qxd7 12. f3 Nd6 13. Bf4 e6 14. Nd2 Rac8 15.
h4 Nc4 16. Nxc4 Rxc4 17. h5 b5 18. a3 a5 19. Qd3 b4 20. axb4 axb4 21. Ra6 Rfc8 22.
h6 Bf8 23. Bd2 Qe7 24. Rea1 Qh4 25. Qe3 bxc3 26. bxc3 Rb8 27. Ra8 Rcc8 28. Rxb8 Rxb8 29. Qe5 Rb2 30. Bg5 Qf2+ 0-1

[Event "*** Titled Tuesday Blitz"]
[Site "Chess.com"]
[Date "2020.04.21"]
[Round "7"]
[White "StockholmMissile"]
[Black "Echecmat"]
[Result "0-1"]
[WhiteElo "2451"]
[BlackElo "2189"]
[TimeControl "180+1"]
[EndTime "11:19:57 PDT"]
[Termination "Echecmat won by resignation"]

1. d4 Nf6 2. c4 e6 3. Nf3 d5 4. Bg5 Be7 5. e3 c5 6. cxd5 exd5 7. Nc3 Nc6 8. dxc5 Be6 9. Be2 Bxc5 10. O-O Be7 11. Nd4 O-O 12. Nxe6 fxe6 13. Nb5 Qb6 14. Nd4 Nxd4 15. exd4 Rfe8 16. Be3 Qxb2 17. Rb1 Qxa2 18.
Rxb7 Rab8 19. Rxb8 Rxb8 20. h3 Rb2 21. Bg4 Nxg4 22. Qxg4 Qa6 23. Rc1 Rb8 24. g3 Rc8 25. Rb1 Qc6 26. Kh2 a5 27. Ra1 a4 28. Qd1 a3 29.
Bc1 Qc3 30. Ra2 Qxc1 0-1

[Event "*** Titled Tuesday Blitz"]
[Site "Chess.com"]
[Date "2020.04.21"]
[Round "7"]
[White "Sviridov_Valery"]
[Black "Maybe00"]
[Result "1-0"]
[WhiteElo "2864"]
[BlackElo "2657"]
[TimeControl "180+1"]
[EndTime "11:19:58 PDT"]
[Termination "Sviridov_Valery won by resignation"]

1. Nf3 d5 2. g3 c6 3. Bg2 Bg4 4. O-O e6 5. d4 Nf6 6. Nbd2 Be7 7. Re1 O-O 8. e4 Nbd7 9. c3 Rc8 10. a4 a6 11. a5 dxe4 12. Nxe4 Nxe4 13. Rxe4 Bf5 14. Re1 h6 15. Qb3 Qc7 16. Bf4 Bd6 17. Bxd6 Qxd6 18. Qxb7 Rb8 19. Qxa6 Rxb2 20. Nh4 Nb8 21. Nxf5 exf5 22.
Qd3 f4 23. a6 fxg3 24. hxg3 Nd7 25. Qc4 Qf6 26. Rf1 Rb6 27. Rfb1 Rxb1+ 28. Rxb1 Qf5 29. Ra1 Rb8 30. a7 Rb1+ 31. Rxb1 Qxb1+ 32. Bf1 Qa1 33. Qa6 Qxa6 34. Bxa6 Nb6 35. Bb7 Kf8 36. c4 1-0

[Event "*** Titled Tuesday Blitz"]
[Site "Chess.com"]
[Date "2020.04.21"]
[Round "7"]
[White "nekotyanof"]
[Black "InfiniteAdaption"]
[Result "1-0"]
[WhiteElo "2289"]
[BlackElo "2464"]
[TimeControl "180+1"]
[EndTime "11:19:58 PDT"]
[Termination "nekotyanof won by resignation"]

1. e4 d6 2. d4 Nf6 3. Nc3 e5 4.
Nf3 Nbd7 5. Bc4 Be7 6. O-O O-O 7. h3 c6 8. Be3 h6 9. a4 Re8 10. Qd2 exd4 11. Nxd4 Bf8 12. f3 Ne5 13. Bb3 Ng6 14. Rad1 Qa5 15. Nd5 Qxd2 16. Nxf6+ gxf6 17. Rxd2 d5 18.
c3 dxe4 19. fxe4 Rxe4 20. Rxf6 Rxe3 21. Rxg6+ Kh7 22. Rf6 Rg3 23. Rxf7+ Rg7 24. Rxf8 b6 25. Bc2+ 1-0

[Event "*** Titled Tuesday Blitz"]
[Site "Chess.com"]
[Date "2020.04.21"]
[Round "7"]
[White "marcodobrikov"]
[Black "Falia-p"]
[Result "0-1"]
[WhiteElo "2490"]
[BlackElo "2341"]
[TimeControl "180+1"]
[EndTime "11:20:00 PDT"]
[Termination "Falia-p won by resignation"]

1. e4 c6 2. Nf3 d5 3. Nc3 Bg4 4. h3 Bxf3 5. Qxf3 e6 6. d3 Nf6 7. Bd2 Nbd7 8. O-O-O Qb6 9. g4 d4 10. Ne2 Bb4 11. g5 Bxd2+ 12. Rxd2 Ng8 13. Qg3 Ne7 14. f4 c5 15. h4 O-O-O 16. Bg2 Nc6 17. Kb1 Kb8 18. h5 Ka8 19. Rdd1 Qa5 20. g6 hxg6 21. hxg6 Rxh1 22. Rxh1 f6 23. Rh7 Qd2 24.
Nc1 Nb4 25. Rh1 Qxc2+ 26. Ka1 Nb6 27. a3 Na4 28. Qf2 Qxf2 0-1

[Event "*** Titled Tuesday Blitz"]
[Site "Chess.com"]
[Date "2020.04.21"]
[Round "7"]
[White "blobica"]
[Black "davigator"]
[Result "1-0"]
[WhiteElo "2539"]
[BlackElo "2389"]
[TimeControl "180+1"]
[EndTime "11:20:02 PDT"]
[Termination "blobica won by resignation"]

1. e4 c5 2. Nf3 Nc6 3. Bb5 g6 4. Bxc6 bxc6 5. O-O Bg7 6. Re1 e5 7. c3 d6 8. h3 Ne7 9. Na3 O-O 10. d4 exd4 11. cxd4 cxd4 12. Nxd4 d5 13. exd5 cxd5 14. Bg5 f6 15. Bf4 Rf7 16. Nab5 a6 17. Nd6 Rf8 18. Ne6 Bxe6 19. Rxe6 Qd7 20. Qe2 Ra7 21. Re1 Nf5 22. Nxf5 gxf5 23. Qd3 Qb5 24. Qxf5 Qxb2 25.
Bd6 Rff7 26. Re8+ Bf8 27. Qg4+ Kh8 28. Bxf8 1-0

[Event "*** Titled Tuesday Blitz"]
[Site "Chess.com"]
[Date "2020.04.21"]
[Round "7"]
[White "canary2016"]
[Black "IM_Tissir"]
[Result "0-1"]
[WhiteElo "1866"]
[BlackElo "2513"]
[TimeControl "180+1"]
[EndTime "11:20:08 PDT"]
[Termination "IM_Tissir won by resignation"]

1. Nf3 Nf6 2. g3 g6 3. Bg2 Bg7 4. O-O O-O 5. d4 d6 6. c4 a6 7. Nc3 Nbd7 8. e4 c5 9. d5 b5 10. cxb5 axb5 11. Re1 b4 12. Nb1 Ng4 13. Nbd2 Ba6 14. Bf1 Bxf1 15. Kxf1 Qa5 16. Kg2 Qa6 17. h3 Nge5 18. Nxe5 Nxe5 19. Nf3 Nd3 20. Rf1 Nxb2 21.
Bxb2 Bxb2 22. Rb1 Qxa2 23. Re1 Bg7 24. Re2 Qa4 25. Qc1 Rfc8 26. Nd2 Qb5 27. Nc4 Bd4 28. Rd2 Qa6 29. Re2 Bc3 30. Re3 Qxc4 31. e5 Qxd5+ 32. Kg1 Bxe5 33. Qe1 Ra2 34. f4 Bd4 0-1

[Event "*** Titled Tuesday Blitz"]
[Site "Chess.com"]
[Date "2020.04.21"]
[Round "7"]
[White "Spring199"]
[Black "talman67"]
[Result "1-0"]
[WhiteElo "2406"]
[BlackElo "2548"]
[TimeControl "180+1"]
[EndTime "11:20:09 PDT"]
[Termination "Spring199 won by resignation"]

1. d4 Nf6 2. c4 e6 3. Nf3 b6 4. g3 Ba6 5. Nbd2 Bb7 6. Bg2 c5 7. O-O cxd4 8. Nxd4 Qc8 9. N4f3 Be7 10. b3 O-O 11. Bb2 a6 12. Qc2 b5 13. Rac1 bxc4 14.
Nxc4 Be4 15. Qd2 Qb7 16. Nd6 Bxd6 17. Qxd6 Qd5 18. Qf4 Nh5 19. Qh4 g6 20. Rfd1 Qf5 21. Nd4 1-0

[Event "*** Titled Tuesday Blitz"]
[Site "Chess.com"]
[Date "2020.04.21"]
[Round "7"]
[White "maximnovik"]
[Black "ZAbdumalik"]
[Result "0-1"]
[WhiteElo "2443"]
[BlackElo "2681"]
[TimeControl "180+1"]
[EndTime "11:20:10 PDT"]
[Termination "ZAbdumalik won by resignation"]

1. d4 Nf6 2. Bg5 e6 3. c3 c5 4.
e3 h6 5. Bh4 b6 6. Nd2 Bb7 7. Ngf3 d6 8. Bd3 Nbd7 9. Qe2 Be7 10. e4 O-O 11. e5 dxe5 12. dxe5 Nd5 13. Bg3 Re8 14. O-O Rb8 15. Rad1 Qc7 16. Rfe1 Nf8 17.
Ne4 Red8 18. h3 Ng6 19. h4 Ngf4 20. Bxf4 Nxf4 21. Qe3 Nxd3 22. Rxd3 Rxd3 23. Qxd3 Rd8 24. Qe3 Bf8 25. h5 Qd7 26. Qf4 Qd3 27. Re3 Qb1+ 28. Kh2 Bxe4 29. Qxe4 Qxb2 30. Kg3 Qxa2 31. Nh2 Qd5 32.
Qf4 Be7 33. Rf3 Rf8 34. c4 Qd4 35. Qxd4 cxd4 36. Rd3 Bc5 37. f4 a5 38. Nf3 a4 39.
Nd2 a3 40. Kf3 Ra8 41. Nb3 Ra4 42. g4 a2 43. Na1 Rxc4 44. Rd2 Rc3+ 45. Kg2 Ra3 0-1

[Event "*** Titled Tuesday Blitz"]
[Site "Chess.com"]
[Date "2020.04.21"]
[Round "7"]
[White "AniJak"]
[Black "SlavenPastar"]
[Result "1-0"]
[WhiteElo "2266"]
[BlackElo "2382"]
[TimeControl "180+1"]
[EndTime "11:20:11 PDT"]
[Termination "AniJak won by resignation"]

1. e4 b6 2. d4 Bb7 3. Nc3 e6 4. Bd3 Nf6 5. Nge2 d5 6. e5 Ne4 7. O-O Nxc3 8. bxc3 c5 9. f4 c4 10. f5 cxd3 11. cxd3 exf5 12. Rxf5 Bc8 13. Rf2 Be7 14. Ng3 O-O 15. Nh5 f6 16. Qf3 Qd7 17. h3 f5 18.
Qg3 g6 19. Bh6 Re8 20. Re1 Bd8 21. Ng7 Re7 22. Nxf5 Qxf5 23. Rxf5 Bxf5 24. Bg5 Re8 25. Bxd8 Rxd8 26. Qg5 Nd7 27. e6 Nb8 28. Qxd8+ 1-0

[Event "*** Titled Tuesday Blitz"]
[Site "Chess.com"]
[Date "2020.04.21"]
[Round "7"]
[White "stanyga"]
[Black "Ranindu2003"]
[Result "1-0"]
[WhiteElo "2711"]
[BlackElo "2516"]
[TimeControl "180+1"]
[EndTime "11:20:12 PDT"]
[Termination "stanyga won by resignation"]

1. e4 c5 2. Nf3 Nc6 3. Bb5 e6 4.
Bxc6 bxc6 5. O-O Ne7 6. b3 d6 7. d4 cxd4 8. Nxd4 e5 9. Ne2 Ng6 10. c4 Be7 11. Nbc3 O-O 12. Ba3 f5 13. c5 dxc5 14. Qc2 f4 15. Rfd1 Qe8 16. f3 Nh4 17.
Kh1 Qg6 18. Ng1 Qh5 19. Na4 Rf6 20. Bxc5 Bxc5 21. Nxc5 Be6 22. Nxe6 Rxe6 23. Qc4 Re8 24. Rd2 Kh8 25. Rad1 Qg5 26. Qxe6 Rg8 27. Qg4 Qh6 28. Rd6 1-0

[Event "*** Titled Tuesday Blitz"]
[Site "Chess.com"]
[Date "2020.04.21"]
[Round "7"]
[White "Rainmond"]
[Black "Alliswell998"]
[Result "1-0"]
[WhiteElo "2733"]
[BlackElo "2566"]
[TimeControl "180+1"]
[EndTime "11:20:14 PDT"]
[Termination "Rainmond won by checkmate"]

1. Nf3 c5 2. g3 b6 3. Bg2 Bb7 4. O-O Nf6 5. c4 e6 6. Nc3 Be7 7. Re1 Ne4 8. Nxe4 Bxe4 9. d3 Bb7 10. e4 Nc6 11. d4 cxd4 12. Nxd4 Nxd4 13. Qxd4 O-O 14.
Qd3 Rc8 15. Bf4 Bc6 16. Rad1 a6 17. Bd6 b5 18. c5 Re8 19. e5 f6 20. exf6 Bxf6 21.
b4 a5 22. a3 axb4 23. axb4 Bxg2 24. Kxg2 Rc6 25. Qxb5 Qa8 26. Kg1 Ra6 27. Qxd7 Ra7 28. Qb5 Ra2 29. Qc4 Qf3 30. Qxa2 h5 31. Qe2 Qf5 32.
Qe4 Qh3 33. Bf4 h4 34. Be3 Bc3 35. Rf1 Rf8 36. Qg2 Qf5 37. gxh4 Rf6 38. Kh1 Rg6 39. Qb7 e5 40. Rg1 e4 41. Qd5+ Qf7 42. Rxg6 Bf6 43.
c6 Bd8 44. Qxd8+ Kh7 45. Rh6+ gxh6 46. Rd7 Kg6 47. h5+ Kf5 48. Rxf7+ Kg4 49. Kg2 Kxh5 50.
Rf5+ Kg6 51. Qf6+ Kh7 52. Qxh6+ Kg8 53. Rf8# 1-0

[Event "*** Titled Tuesday Blitz"]
[Site "Chess.com"]
[Date "2020.04.21"]
[Round "7"]
[White "ENEASZ"]
[Black "BakaPG"]
[Result "0-1"]
[WhiteElo "2518"]
[BlackElo "2702"]
[TimeControl "180+1"]
[EndTime "11:20:14 PDT"]
[Termination "BakaPG won by checkmate"]

1. e4 e6 2. d4 d5 3. Bd3 Nf6 4. e5 Nfd7 5. f4 c5 6. c3 Nc6 7. Nf3 g6 8. O-O a6 9. Kh1 b5 10. Be3 Qb6 11. Nbd2 Bb7 12. dxc5 Bxc5 13. Bxc5 Nxc5 14.
Nb3 Ne4 15. Qe1 Ne7 16. Nbd4 Nf5 17. a3 h5 18. Rd1 h4 19. Nxf5 gxf5 20. Nd4 h3 21. g3 O-O-O 22. a4 bxa4 23. Qe2 a3 24. Rb1 a2 25. Ra1 Rhg8 26. Bxe4 dxe4 27. Rxa2 Rxd4 28.
cxd4 e3+ 29. Kg1 Qc6 30. Qxe3 Qg2# 0-1

[Event "*** Titled Tuesday Blitz"]
[Site "Chess.com"]
[Date "2020.04.21"]
[Round "7"]
[White "SamuelGhimpu2003"]
[Black "Natalya_Buksa"]
[Result "1-0"]
[WhiteElo "2675"]
[BlackElo "2483"]
[TimeControl "180+1"]
[EndTime "11:20:16 PDT"]
[Termination "SamuelGhimpu2003 won by resignation"]

1. Nf3 d5 2. d4 e6 3. c4 Nf6 4. g3 Be7 5. Bg2 O-O 6. Nc3 b6 7. O-O Bb7 8. cxd5 exd5 9. Ne5 Nbd7 10. Qa4 c5 11. Nxd7 Nxd7 12. Nxd5 Rb8 13. Bf4 Bxd5 14. Bxd5 b5 15. Qxa7 Rc8 16. Bb7 Rc7 17. Bxc7 Qxc7 18. Qa6 cxd4 19. Qc6 Qd8 20. Qxb5 Nc5 21. Bf3 Qd6 22.
a4 Rb8 23. Qc6 Qe5 24. a5 Nb3 25. a6 Nxa1 26. a7 Nb3 27. axb8=Q+ Qxb8 28. Qa8 Qxa8 29. Bxa8 Bb4 30. Bd5 Nc5 31. Rc1 Kf8 32. Rc4 Na6 33.
Bb7 Nc5 34. Rxb4 1-0

[Event "*** Titled Tuesday Blitz"]
[Site "Chess.com"]
[Date "2020.04.21"]
[Round "7"]
[White "SaguriGuerra"]
[Black "zmeeed67"]
[Result "1-0"]
[WhiteElo "2534"]
[BlackElo "2382"]
[TimeControl "180+1"]
[EndTime "11:20:17 PDT"]
[Termination "SaguriGuerra won by resignation"]

1. e4 Nc6 2. Nf3 d6 3. d4 Nf6 4. Nc3 Bg4 5. Be3 g6 6. Be2 Bg7 7. O-O O-O 8. d5 Nb8 9. h3 Bxf3 10. Bxf3 c6 11. Re1 cxd5 12. exd5 Nbd7 13. Bd4 Re8 14.
Qd2 a6 15. a4 Rc8 16. Re3 Nc5 17. Re2 Qa5 18. Rae1 Kf8 19. Bg4 Rc7 20. Qf4 b5 21. axb5 axb5 22. Bxf6 Bxf6 23. b4 Qa6 24. bxc5 Bxc3 25.
cxd6 Rc4 26. Qh6+ Bg7 27. Qxh7 Qxd6 28. Bf3 Rxc2 29. Rxc2 1-0

[Event "*** Titled Tuesday Blitz"]
[Site "Chess.com"]
[Date "2020.04.21"]
[Round "7"]
[White "kenta1234"]
[Black "bakki78"]
[Result "0-1"]
[WhiteElo "2599"]
[BlackElo "2776"]
[TimeControl "180+1"]
[EndTime "11:20:20 PDT"]
[Termination "bakki78 won by resignation"]

1. Nf3 Nf6 2. c4 b6 3. Nc3 Bb7 4. g3 g6 5. Bg2 Bg7 6. O-O O-O 7. d4 Ne4 8. Qc2 Nxc3 9. bxc3 c5 10. e4 Nc6 11. d5 Na5 12. Nd2 Ba6 13. Qd3 e6 14.
Rb1 exd5 15. exd5 d6 16. f4 f5 17. Re1 Qf6 18. Bb2 Rae8 19. Re6 Qd8 20. Rbe1 Bc8 21. h4 Kh8 22. Nf3 Ba6 23. Ng5 Qd7 24. Rxe8 Rxe8 25. Ne6 Nxc4 26. Bc1 Qa4 27. h5 Ne5 28. Qd1 Qxd1 29.
Rxd1 Ng4 30. Bd2 Bc4 31. hxg6 hxg6 32. Bf3 Kg8 33. Be1 Bh8 34. Ng5 Ne3 35. Rd2 Bxc3 0-1

[Event "*** Titled Tuesday Blitz"]
[Site "Chess.com"]
[Date "2020.04.21"]
[Round "7"]
[White "INLOVEWITHF"]
[Black "Berant"]
[Result "1-0"]
[WhiteElo "2518"]
[BlackElo "2310"]
[TimeControl "180+1"]
[EndTime "11:20:21 PDT"]
[Termination "INLOVEWITHF won by checkmate"]

1. d4 Nf6 2. c4 g6 3. f3 d5 4. cxd5 Nxd5 5. e4 Nb6 6. Nc3 Bg7 7. Be3 N8d7 8. Qd2 e6 9. O-O-O Qe7 10. Nb5 Nf6 11. Bf4 O-O 12. Nxc7 Nh5 13. Nxa8 Nxf4 14. Nxb6 e5 15. Nc4 Be6 16. d5 Bd7 17. g3 Nh5 18.
d6 Qd8 19. Kb1 b5 20. Ne3 Qb6 21. Nd5 Qxd6 22. g4 Nf4 23. Nxf4 Qf6 24. Qxd7 Qxf4 25. Qxa7 Rc8 26. Qb7 Rc5 27. Bxb5 Bh6 28. Ne2 Qe3 29. Rd8+ Kg7 30. Qb8 Qxf3 31. Rg8+ Kf6 32. Qd8+ Ke6 33.
Re8# 1-0

[Event "*** Titled Tuesday Blitz"]
[Site "Chess.com"]
[Date "2020.04.21"]
[Round "7"]
[White "Sjakkerntobi"]
[Black "reniite"]
[Result "0-1"]
[WhiteElo "2187"]
[BlackElo "1952"]
[TimeControl "180+1"]
[EndTime "11:20:21 PDT"]
[Termination "reniite won by resignation"]

1. e4 e5 2. Nf3 Nf6 3. Nxe5 d6 4. Nf3 Nxe4 5. d3 Nf6 6. d4 d5 7. c4 Bb4+ 8. Nc3 O-O 9. Be2 Bf5 10. O-O Nc6 11. Ne5 dxc4 12. Nxc6 bxc6 13. Bf3 Nd5 14.
Bd2 a5 15. a3 Bxc3 16. bxc3 Bd3 17. Re1 Rb8 18. Qa4 Qd6 19. Bg5 f6 20. Bh4 Rb5 21.
Bg3 Qd7 22. h3 Nxc3 23. Qxb5 cxb5 24. Rac1 b4 25. axb4 axb4 26. Bg4 Qxd4 27. Bxc7 b3 28. Be6+ Kh8 29. Ba5 Ne2+ 30. Kh1 Nxc1 31. Rxc1 b2 32. Re1 b1=Q 33. h4 Qxe1+ 34. Bxe1 c3 35. h5 Qh4+ 36. Kg1 Be4 37. Bf7 Rxf7 38. f3 Qxe1+ 39. Kh2 Bxf3 40. h6 gxh6 41. gxf3 Qh4+ 42. Kg2 Rg7+ 43. Kf1 Qh2 0-1

[Event "*** Titled Tuesday Blitz"]
[Site "Chess.com"]
[Date "2020.04.21"]
[Round "7"]
[White "Piotrek1979"]
[Black "Stewie_89"]
[Result "0-1"]
[WhiteElo "2440"]
[BlackElo "2630"]
[TimeControl "180+1"]
[EndTime "11:20:23 PDT"]
[Termination "Stewie_89 won by resignation"]

1. e4 Nf6 2. d3 d5 3. Nd2 dxe4 4. dxe4 Nc6 5. Bc4 g6 6. Ngf3 Bg7 7. O-O O-O 8. c3 Bg4 9. h3 Bxf3 10. Qxf3 Ne5 11. Qe2 Nxc4 12. Nxc4 c6 13. Bf4 b5 14. Rad1 Qc8 15.
Ne5 Qe6 16. Bh2 Nh5 17. Nd7 Rfd8 18. Nc5 Qxa2 19. e5 Rd5 20. Rxd5 Qxd5 21. b4 Bf8 22. Rd1 Qc4 23. Qxc4 bxc4 24. Ra1 e6 25. Nd7 Rd8 26.
Rxa7 Bxb4 27. g4 Bxc3 28. gxh5 Bd4 29. h6 Bxa7 30. Nf6+ Kh8 31. Bf4 Bd4 32. Bc1 Bxe5 33. Bg5 Rd1+ 34. Kg2 Bxf6 35. Bxf6+ Kg8 0-1

[Event "*** Titled Tuesday Blitz"]
[Site "Chess.com"]
[Date "2020.04.21"]
[Round "7"]
[White "zajka-molotok"]
[Black "GmSergioBarrientos"]
[Result "0-1"]
[WhiteElo "2406"]
[BlackElo "2568"]
[TimeControl "180+1"]
[EndTime "11:20:25 PDT"]
[Termination "GmSergioBarrientos won by resignation"]

1. d4 Nf6 2. c4 e6 3. Nc3 Bb4 4. e3 c5 5. Bd3 d5 6. Nf3 dxc4 7.
Bxc4 Nbd7 8. O-O b6 9. Nb5 cxd4 10. exd4 Bb7 11. Bf4 O-O 12. Nd6 Bd5 13. Ba6 Qe7 14. Nb5 Bc4 15. a3 Nd5 16. Bg3 Bxb5 17. Bxb5 Bd6 18. Ne5 N7f6 19. Rc1 Rfc8 20. Bc6 Rab8 21. Bxd5 Bxe5 22. Bxe5 Nxd5 23. Bc7 Rxc7 0-1

[Event "*** Titled Tuesday Blitz"]
[Site "Chess.com"]
[Date "2020.04.21"]
[Round "7"]
[White "The_Chess_Coach"]
[Black "KubaGepard"]
[Result "0-1"]
[WhiteElo "2143"]
[BlackElo "2347"]
[TimeControl "180+1"]
[EndTime "11:20:26 PDT"]
[Termination "KubaGepard won by resignation"]

1. d4 d5 2. c4 dxc4 3. e4 c5 4.
d5 Nf6 5. Nc3 b5 6. e5 b4 7.
exf6 bxc3 8. bxc3 Nd7 9. Bxc4 Nxf6 10. Nf3 g6 11. O-O Bg7 12. Qa4+ Bd7 13. Qa3 O-O 14. Qxc5 Rc8 15. Qd4 Ng4 16. Qd3 Bf5 17. Qe2 Bxc3 18. h3 Bxa1 19. hxg4 Bxg4 20. Qe4 Bxf3 21. gxf3 Bg7 22.
Kg2 Qc7 23. Bb3 Qe5 24. Qh4 Bf6 25. Qg4 h5 26. Qh3 Rxc1 27. Rxc1 Qg5+ 28. Qg3 Qxc1 29. d6 Qg5 0-1

[Event "*** Titled Tuesday Blitz"]
[Site "Chess.com"]
[Date "2020.04.21"]
[Round "7"]
[White "FairChess_on_YouTube"]
[Black "12teen"]
[Result "1-0"]
[WhiteElo "3040"]
[BlackElo "2765"]
[TimeControl "180+1"]
[EndTime "11:20:27 PDT"]
[Termination "FairChess_on_YouTube won by resignation"]

1. e4 g6 2. d4 Bg7 3. Nf3 d6 4. Bc4 Nc6 5. h3 h6 6. O-O Nf6 7. e5 Nh7 8. Qe2 O-O 9. Nc3 dxe5 10. dxe5 Nd4 11. Nxd4 Qxd4 12. e6 fxe6 13. Bxe6+ Kh8 14.
Be3 Qb4 15. Bb3 c6 16. Rad1 Qh4 17. Qc4 Qh5 18. Qc5 Qh4 19. Bd4 Nf6 20. Qxe7 Bxh3 21. gxh3 c5 22. Bxf6 Bxf6 23. Qxb7 Be5 24. Rd7 Qg5+ 25.
Kh1 c4 26. Rh7+ Kg8 27. Bxc4+ Rf7 1-0

[Event "*** Titled Tuesday Blitz"]
[Site "Chess.com"]
[Date "2020.04.21"]
[Round "7"]
[White "exoticprincess"]
[Black "Rud_Makarian"]
[Result "1-0"]
[WhiteElo "2865"]
[BlackElo "2651"]
[TimeControl "180+1"]
[EndTime "11:20:27 PDT"]
[Termination "exoticprincess won on time"]

1. d4 Nf6 2. c4 e6 3. Nc3 Bb4 4. e3 O-O 5. Bd3 d5 6. cxd5 exd5 7. Ne2 Re8 8. Bd2 Nbd7 9. Rc1 a6 10. O-O Bd6 11.
f3 c5 12. Kh1 b5 13. a3 Bb7 14. Bb1 Qb6 15. Ba2 Rac8 16. Bb1 a5 17. Bf5 Rc7 18. a4 b4 19. Nb5 c4 20. Nxc7 Bxc7 21. Re1 Qd6 22.
Ng3 Nb6 23. Nf1 g6 24. Bh3 h5 25. Re2 Nh7 26. Be1 Ng5 27. Bg3 Qe7 28. Bxc7 Qxc7 29. b3 Nxh3 30. gxh3 Bc8 31. Nd2 c3 32. Nb1 1-0

[Event "*** Titled Tuesday Blitz"]
[Site "Chess.com"]
[Date "2020.04.21"]
[Round "7"]
[White "Nellichka"]
[Black "Nikolaj_6"]
[Result "0-1"]
[WhiteElo "2084"]
[BlackElo "2583"]
[TimeControl "180+1"]
[EndTime "11:20:27 PDT"]
[Termination "Nikolaj_6 won by resignation"]

1. d4 Nf6 2. c4 e6 3. Nc3 c5 4.
d5 exd5 5. cxd5 d6 6. e4 g6 7.
Bg5 Bg7 8. Nf3 O-O 9. Nd2 a6 10. a4 Nbd7 11. Be2 Re8 12. O-O h6 13. Bh4 g5 14. Bg3 Ne5 15. f3 Nh5 16. f4 Nxf4 17. Bxf4 gxf4 18. Rxf4 Ng6 19. Rf1 Qg5 20. Nf3 Qe3+ 21. Kh1 Bxc3 22. Ra3 Rxe4 23. Bd3 Bxb2 24. Rb3 Rb4 25. Re1 Qf4 26. Bxg6 fxg6 27. Qc2 Bg7 28.
Rxb4 cxb4 29. Qxg6 Bf5 30. Re8+ Rxe8 31. Qxe8+ Kh7 32.
h3 b3 0-1